 Dungeon Crawl Stone Soup version 0.30-a0-474-g5673dd7ce6 (webtiles) character file.

Game seed: 16347795563117770777

1197 Cecky the Basher (level 8, -5/48 HPs)
             Began as a Gargoyle Fighter on Dec 20, 2022.
             Slain by a lemure (6 damage)
             ... led by Pikel
             ... on level 5 of the Dungeon.
             The game lasted 00:11:23 (3942 turns).

Cecky the Basher (Gargoyle Fighter)                 Turns: 3942, Time: 00:11:24

Health: -5/48      AC: 13    Str: 26    XL:     8   Next: 44%
Magic:  8/8        EV:  9    Int: 11    God:
Gold:   291        SH:  4    Dex:  9    Spells: 7/7 levels left

rFire   . . .      SeeInvis .    n - +1 whip (elec)
rCold   + . .      Faith    .    c - +0 buckler
rNeg    + . .      Spirit   .    b - +0 scale mail
rPois   ∞          Reflect  .    (no helmet)
rElec   +          Harm     .    o - +0 cloak
rCorr   .          Rampage  .    (no gloves)
Will    .....                    (no boots)
Stlth   ..........               t - amulet of the acrobat
HPRegen 0.28/turn                h - ring of protection from cold
MPRegen 0.11/turn                A - +6 ring of strength

@: no status effects
A: sickness immunity, AC +5, negative energy resistance 1, electricity
resistance, torment resistance 1, petrification resistance
a: no special abilities


You were on level 5 of the Dungeon.
You visited 1 branch of the dungeon, and saw 5 of its levels.

You collected 291 gold pieces.

Inventory:

Hand Weapons
 n - a +1 whip of electrocution (weapon)
Armour
 b - a +0 scale mail (worn)
 c - a +0 buckler (worn)
 o - a +0 cloak (worn)
 w - a +2 plate armour of cold resistance
 z - a scarf of invisibility
Jewellery
 h - a ring of protection from cold (left hand)
 t - an amulet of the acrobat (around neck)
 y - a ring of positive energy
 A - a +6 ring of strength (right hand)
Wands
 i - a wand of mindburst (14)
Scrolls
 a - a scroll of immolation
 f - a scroll of acquirement {unknown}
 k - 2 scrolls of amnesia {unknown}
 m - 2 scrolls of magic mapping {unknown}
 s - 2 scrolls of poison {unknown}
 u - a scroll of fear {unknown}
 v - a scroll of teleportation {unknown}
 x - a scroll of blinking {unknown}
 C - a scroll of enchant weapon {unknown}
Potions
 d - 2 potions of might
 e - 5 potions of curing
 g - 2 potions of cancellation
 j - 2 potions of magic
 l - 2 potions of brilliance {unknown}
 p - 2 potions of mutation {unknown}
 q - 2 potions of flight {unknown}
 r - 2 potions of degeneration {unknown}
 B - 2 potions of berserk rage {unknown}


   Skills:
 - Level 4.0 Fighting
 + Level 9.5 Maces & Flails
 - Level 3.4 Armour
 - Level 4.1 Shields


You had 7 spell levels left.
You didn't know any spells.
Your spell library contained the following spells:

 Spells                   Type           Power      Damage    Failure   Level
 Summon Small Mammal      Summ           0%         N/A       71%         1
 Call Canine Familiar     Summ           0%         N/A       97%         3
 Portal Projectile        Hex/Tloc       0%         N/A       97%         3
 Summon Guardian Golem    Hex/Summ       0%         N/A       97%         3
 Tukima's Dance           Hex            0%         N/A       97%         3
 Blade Hands              Tmut           0%         N/A       100%        5


Dungeon Overview and Level Annotations

Branches:
Dungeon (5/15)
 Temple: D:4-7

Altars:

Shops:
D:4 =

Annotations:
D:5 Prince Ribbit


Innate Abilities, Weirdness & Mutations

You are immune to sickness and miasma.
Your stone body is resilient. (AC +5)
You are immune to poison.
You resist negative energy. (rN+)
You are resistant to electric shocks. (rElec)
You are resistant to unholy torment.
You are immune to petrification.


Message History

You closely miss Prince Ribbit. Prince Ribbit hits you.
You whack Prince Ribbit!
Lightning courses through Prince Ribbit!
Prince Ribbit is severely wounded.
Prince Ribbit blinks!
You enter the shallow water.
Moving in this stuff is going to be slow.
The lemure closely misses you. Prince Ribbit hits you! The lemure misses you.
Prince Ribbit closely misses you. The lemure closely misses you.
Prince Ribbit attacks as you move away! Prince Ribbit completely misses you.
A lemure comes into view.
The lemure closely misses you. x2
You closely miss Prince Ribbit.
Prince Ribbit is severely wounded.
Prince Ribbit hits you! The lemure hits you but does no damage.
You closely miss Prince Ribbit.
Prince Ribbit is severely wounded.
The lemure misses you. You block Prince Ribbit's attack.
You closely miss Prince Ribbit.
Prince Ribbit is severely wounded.
Prince Ribbit barely misses you. The lemure barely misses you.
The lemure hits you.
You barely miss Prince Ribbit.
Prince Ribbit is severely wounded.
Prince Ribbit hits you.
You closely miss Prince Ribbit.
Prince Ribbit is severely wounded.
The lemure hits you. The lemure closely misses you. Prince Ribbit hits you!
* * * LOW HITPOINT WARNING * * *
You hit Prince Ribbit.
Prince Ribbit is severely wounded.
The lemure hits you.
* * * LOW HITPOINT WARNING * * *
Prince Ribbit barely misses you. You block the lemure's attack.
Okay, then.
You feel better. The lemure completely misses you. Prince Ribbit hits you!
* * * LOW HITPOINT WARNING * * *
The lemure hits you.
You die...

#.# #.....# #.#
#.....#### #.#
##.........o.. #.#
#..†.....##oo#
#.###........# .
#............#
..######........#
P...)...........#
...$~.5@..P.......
....5~5F5.......##
...PP~~~?P..##.##
....≈~~~~...# .#
..P~~~~≈~~P.....
.~~~≈≈≈~≈~~.....
.~~≈≈≈~~~~~P....
..~~≈~~≈~~..##.#
...~≈~~~~(..# .#


You could see Prince Ribbit and 4 lemures.

Vanquished Creatures
  The ghost of deusexinfernus the Slasher, an amateur GnRe (D:4)
  Grinder (D:2)
  An ice beast (D:5)
  An ogre (D:4)
  Blork the orc (D:5)
  2 scorpions (D:4)
  A jelly (D:5)
  A centaur skeleton (D:4)
  3 iguanas (D:5)
  4 orc wizards
  A howler monkey skeleton (D:4)
  9 adders
  An ufetubus (D:5)
  5 worms
  4 dart slugs
  19 orcs
  6 ball pythons
  6 endoplasms
  2 giant cockroaches
  2 goblins
  6 hobgoblins
  5 jackals
  A quokka (D:1)
  5 frilled lizards
  6 kobolds
  5 rats
99 creatures vanquished.

Vanquished Creatures (others)
  2 plants (D:5)
2 creatures vanquished.

Grand Total: 101 creatures vanquished

Notes
Turn   | Place    | Note
-------+----------+-------------------------------------------
     0 | D:1      | Cecky the Gargoyle Fighter began the quest for the Orb.
     0 | D:1      | Reached XP level 1. HP: 14/14 MP: 1/1
   219 | D:1      | Reached XP level 2. HP: 18/19 MP: 2/2
   850 | D:2      | Reached XP level 3. HP: 24/24 MP: 3/3
  1229 | D:2      | Reached XP level 4. HP: 29/29 MP: 4/4
  1262 | D:2      | Reached skill level 3 in Maces & Flails
  1731 | D:3      | Noticed Grinder
  1745 | D:2      | Killed Grinder
  1746 | D:2      | Reached skill level 5 in Maces & Flails
  1746 | D:2      | Reached XP level 5. HP: 22/33 MP: 5/5
  1746 | D:2      | Reached XP level 6. HP: 25/38 MP: 6/6
  1985 | D:3      | Found Laakkekh's Armour Emporium.
  2448 | D:4      | Reached skill level 6 in Maces & Flails
  2453 | D:4      | Reached XP level 7. HP: 37/43 MP: 7/7
  2696 | D:4      | Reached skill level 7 in Maces & Flails
  2913 | D:4      | Found Pupheu's Jewellery Shoppe.
  2995 | D:4      | Found a runed translucent gate.
  2995 | D:4      | Found a runed translucent gate.
  2995 | D:4      | Found a runed translucent gate.
  3312 | D:4      | Noticed deusexinfernus's ghost (amateur GnRe)
  3335 | D:4      | Killed deusexinfernus's ghost
  3336 | D:4      | Reached skill level 8 in Maces & Flails
  3336 | D:4      | Reached XP level 8. HP: 41/48 MP: 8/8
  3412 | D:5      | Entered Level 5 of the Dungeon
  3419 | D:5      | Noticed Blork the orc
  3440 | D:5      | Killed Blork the orc
  3769 | D:5      | Reached skill level 9 in Maces & Flails
  3926 | D:5      | Noticed Prince Ribbit
  3942 | D:5      | HP: 1/48 [Prince Ribbit (9)]
  3942 | D:5      | Slain by a lemure

Illustrated notes

Levels and vault maps discovered:
D:1:      dpeg_arrival_pits, layout_basic
D:2:      layout_loops_ring, grunt_decor_one_mirror, grunt_decor_arrowhead,
          roderic_roman_lattice
D:3:      layout_loops_ring, serial_shops, shop, uniq_grinder
D:4:      layout_basic, gammafunk_ghost_necromancy, serial_shops,
          nicolae_diamond_shop, minmay_hedge_maze
D:5:      layout_basic, eat_drink_and_be_merry_uskayaw,
          minmay_temple_entry_mini_moons, guppyfry_early_lair_pool,
          uniq_crazy_yiuf_cottage, uniq_pikel, uniq_ijyb, uniq_prince_ribbit1,
          uniq_blork_the_orc

Skill      XL: |  1  2  3  4  5  6  7  8 |
---------------+-------------------------+-----
Shields        | 4 |  4.1
Fighting       | 4 |  4.0
Maces & Flails | 5 6 8 9 |  9.5
Armour         | |  3.4

Action                   |  1- 3 |  4- 6 |  7- 9 || total
-------------------------+-------+-------+-------++-------
Melee: Flail             |    48 |       |       ||    48
       Whip              |    54 |   116 |   182 ||   352
  Use: Scroll            |       |     1 |     3 ||     4
       Potion            |       |       |     1 ||     1
Armor: Scale mail        |    44 |    24 |    70 ||   138
Dodge: Dodged            |    34 |    40 |    91 ||   165
Block: Buckler           |    20 |    19 |    29 ||    68

Table legend: (Time is in decaauts)
 A = Elapsed time spent in this place.
 B = Non-inter-level travel time spent in this place.
 C = Inter-level travel time spent in this place.
 D = Time resting spent in this place.
 E = Time spent auto-exploring this place.
 F = Levels seen in this place.
 G = Mean time per level.
                   A        B        C        D        E       F      G
               +--------+--------+--------+--------+--------+-----+--------+
         Total |   3901 |   3771 |    130 |    447 |   2316 |   5 |  780.2 |
       Dungeon |   3901 |   3771 |    130 |    447 |   2316 |   5 |  780.2 |
               +--------+--------+--------+--------+--------+-----+--------+

Top non-repeatable levels by time:
     D:2: 931 daAuts
     D:1: 861 daAuts
     D:4: 857 daAuts
     D:3: 749 daAuts
     D:5: 500 daAuts
